Cogmind - Beta 17.1 @@@ ROGUE MODE // 2026.09.24 @ 23:39:43 Player: chmiel Result: Destroyed by B-75 Beast with Magnetic Acceleration Cannon Performance ------------- Evolutions (4) 2000 Regions Visited (7) 1400 Robots Destroyed (26) 130 Value Destroyed (683) 683 Prototype IDs (26) 520 Alien Tech Used (0) 0 Bonus (300) 300 TOTAL SCORE: 5033 Bonus ------- Aligned with FarCom 300 Cogmind --------- Core Integrity 0/850 Matter 30/300 Energy 96/100 System Corruption 2% Temperature Cool (0) Movement Hovering (50) Location -6/Factory Parts ------- > --- POWER (2) -------- (None) > --- PROPULSION (4) --- Cooled Aerolev Unit > --- UTILITY (6) ------ (None) > --- WEAPON (3) ------- (None) > --- INVENTORY (5) ---- Nuclear Core Transmission Jammer Cloak of Protection System Shield Peak State ------------ > --- POWER ------------ Nuclear Core Fusion Compressor > --- PROPULSION ------- Aluminum Leg Carbon-fiber Leg Carbon-fiber Leg Carbon-fiber Leg > --- UTILITY ---------- Improved Heat Sink Small Storage Unit Large Battery Advanced Visual Processing Unit Cloak of Protection Force Field > --- WEAPON ----------- Plasma Rifle Heavy Missile Launcher Remote Datajack > --- INVENTORY -------- Nuclear Core Transmission Jammer Shock Absorption System System Shield Heavy Rocket Launcher Heavy Missile Launcher Heavy Missile Launcher Heavy Missile Launcher [Rating: 55] Favorites ----------- Power Nuclear Core Engine Ion Engine Power Core Nuclear Core Propulsion Carbon-fiber Leg Treads Light Treads Leg Carbon-fiber Leg Hover Unit Cooled Aerolev Unit Utility Small Storage Unit Device Cloak of Protection Storage Small Storage Unit Processor Advanced Visual Processing Unit Weapon Heavy Missile Launcher Energy Gun Plasma Rifle Energy Cannon Ion Cannon Ballistic Gun Assault Rifle Ballistic Cannon Gauss Cannon Launcher Heavy Missile Launcher Special Weapon Remote Datajack Special Melee Weapon Improved Datajack Build | -11 -10 -10 -10 -9 -8 -7 -6 ------- Run | Yrd Mat Min Exi Min Mat Fac Fac Slots Evolved 8 | . . . . . 4 2 2 Power 1 | . . . . . . . 1 Propulsion 2 | . . . . . 2 . . Utility 4 | . . . . . 2 1 1 Weapon 1 | . . . . . . 1 . Parts Attached 47 | 5 6 2 1 1 11 9 12 Power 7 | 1 2 . . . 1 1 2 Engine 3 | 1 2 . . . . . . Core 4 | . . . . . 1 1 2 Reactor . | . . . . . . . . Propulsion 15 | 2 . 2 . . 3 3 5 Treads 5 | . . 2 . . 3 . . Leg 9 | 2 . . . . . 3 4 Wheel . | . . . . . . . . Hover 1 | . . . . . . . 1 Flight . | . . . . . . . . Utility 10 | 1 1 . 1 . 3 1 3 Device 4 | . . . 1 . 1 . 2 Storage 2 | 1 . . . . 1 . . Processor 4 | . 1 . . . 1 1 1 Hackware . | . . . . . . . . Protection . | . . . . . . . . Artifact . | . . . . . . . . Weapon 15 | 1 3 . . 1 4 4 2 Energy Gun 3 | . 1 . . . 1 . 1 Energy Cannon 2 | . . . . . 2 . . Ballistic Gun 4 | 1 1 . . 1 1 . . Ballistic Cannon 1 | . . . . . . . 1 Launcher 2 | . . . . . . 2 . Special Weapon 2 | . 1 . . . . 1 . Impact Weapon . | . . . . . . . . Slashing Weapon . | . . . . . . . . Piercing Weapon . | . . . . . . . . Special Melee Weapon 1 | . . . . . . 1 . Unidentified Prototypes 1 | . . . . . . . 1 Parts Lost 7 | . 1 . . . . . 6 Power 3 | . 1 . . . . . 2 Propulsion 2 | . . . . . . . 2 Utility 2 | . . . . . . . 2 Weapon . | . . . . . . . . Highest Loss Streak 4 | . 1 . . . . . 4 To Critical Strikes . | . . . . . . . . Average Backups 6 | 3 5 4 4 4 7 7 7 Power 1 | . . 1 1 1 2 2 1 Propulsion 1 | 2 4 3 3 3 2 1 . Utility 1 | . . . . . . . 3 Weapon 1 | . 1 . . . 1 3 2 Tool/Special . | . . . . . . . . Unused Backups 13 | 1 1 . . . 3 . 8 Power 2 | . . . . . 1 . 1 Propulsion 3 | 1 . . . . 2 . . Utility 3 | . . . . . . . 3 Weapon 5 | . 1 . . . . . 4 Tool/Special . | . . . . . . . . Average Slot Usage (%) 92 | . 90 99 100 100 96 95 85 Engine 4 | . 12 14 14 14 1 . . Core 6 | . . . . . 7 7 10 Treads 15 | . . 26 28 28 33 15 . Leg 11 | . 25 . . . . 13 22 Device 9 | . . . 5 14 9 15 13 Storage 14 | . 14 14 14 14 18 15 11 Processor 8 | . 11 14 8 . 7 4 8 Energy Gun 3 | . 8 . . . 3 . 4 Energy Cannon 3 | . . . . . 11 2 . Ballistic Gun 4 | . 14 14 14 18 2 . . Launcher 2 | . . . . . . 12 4 Special Weapon 5 | . 1 14 14 10 . 4 5 Peak Build Rating 55 | 5 7 7 14 15 33 43 55 Average Rating 29 | 4 6 6 9 14 29 40 43 On Entrance 15 | . 5 6 7 14 15 33 43 Avg Prop Armor Cover (%) . | . . . . . . . . Naked Turns 112 | . . . . . . . 112 Heaviest Build 55 | 10 13 13 21 23 36 41 55 Greatest Support 86 | 20 20 40 40 40 86 86 80 Greatest Overweight (x) 13 | . 1 1 . . . 13 1 Average Overweight (x) . | . . . . . . . . Largest Inventory Capacity 8 | 8 8 8 8 8 8 8 8 Average Capacity 7 | 7 8 8 8 8 8 8 7 Most Carried 8 | 7 7 5 5 6 8 8 8 Average Carried 6 | 3 5 4 4 4 7 7 7 Final Capacity 8 | 8 8 8 8 8 8 8 5 Final Carried 8 | 7 5 4 4 6 7 8 4 Class Distribution -------------------- 64% | Mutant 35% | Skirmisher Dominant Class ---------------- Mutant | -10/Materials Mutant | -10/Mines Mutant | -10/Exiles Mutant | -9/Mines Mutant | -8/Materials Skirmisher | -7/Factory Skirmisher | -6/Factory Resources | -11 -10 -10 -10 -9 -8 -7 -6 ----------- Run | Yrd Mat Min Exi Min Mat Fac Fac Matter Collected 768 | 224 10 . . 35 332 63 104 Remotely . | . . . . . . . . Salvage Created 790 | 30 103 . . 44 377 102 134 Parts 51 | 2 14 . . 9 14 7 5 Haulers Intercepted 1 | . . . . . 1 . . Recyclers Shooed 2 | 1 . . . . . . 1 Parts Field Recycled . | . . . . . . . . Retrieved Matter . | . . . . . . . . Parts Self-Destructed . | . . . . . . . . Prevented . | . . . . . . . . Parts Restored . | . . . . . . . . Kills | -11 -10 -10 -10 -9 -8 -7 -6 ------- Run | Yrd Mat Min Exi Min Mat Fac Fac Combat Hostiles Destroyed 20 | . 6 . . 4 4 3 3 Guns 12 | . 6 . . 3 2 . 1 Cannons 4 | . . . . 1 2 . 1 AOE 4 | . . . . . . 3 1 Classes Destroyed 10 | 1 2 . . . 3 1 3 Worker 1 | . . . . . . . 1 Builder 1 | . . . . . . . 1 Tunneler 1 | 1 . . . . . . . Hauler 1 | . . . . . 1 . . Recycler 2 | . . . . . 2 . . Swarmer 9 | . 5 . . 4 . . . Grunt 5 | . 1 . . . 2 2 . Duelist 1 | . . . . . . 1 . Sentry 3 | . . . . . 2 . 1 Programmer 2 | . . . . . . . 2 Best Kill Streak 4 | 1 3 . . 4 2 3 1 Combat Bots Only 4 | . 3 . . 4 2 3 1 Max Kills in Single Turn 2 | 1 1 . . 1 1 2 1 Gunslinging . | . . . . . . . . Exploded 2 | . . . . . . 2 1 Melee . | . . . . . . . . Uniques/NPCs Destroyed . | . . . . . . . . Combat | -11 -10 -10 -10 -9 -8 -7 -6 -------- Run | Yrd Mat Min Exi Min Mat Fac Fac Hostile Shots Fired 481 | . 30 . . 11 47 4 389 Missed 209 | . 10 . . 1 8 1 189 Hits 272 | . 20 . . 10 39 3 200 Projectile 272 | . 20 . . 10 39 3 200 AOE 2 | . . . . . . . 2 Critical Strikes 4 | . . . . . 1 . 3 Damage Taken 2962 | . 172 . . 90 606 119 1975 Core 928 | . 21 . . . 57 . 850 Absorbed by Shields 331 | . . . . . . . 331 Core Remaining (%) 95 | 100 . . . 91 89 100 . Volleys Fired 104 | 2 19 8 . 4 20 8 43 Largest 2 | 1 2 1 . 2 2 2 2 Hottest 120 | 20 60 100 . 120 120 78 115 Shots Fired 150 | 2 34 8 . 5 40 10 51 Gun 91 | 2 34 . . 4 16 . 35 Cannon 36 | . . . . . 24 . 12 Launcher 9 | . . . . . . 5 4 Special 14 | . . 8 . 1 . 5 . Kinetic 45 | 2 19 . . 4 8 . 12 Thermal 91 | . 15 8 . 1 32 . 35 Explosive 9 | . . . . . . 5 4 Electromagnetic . | . . . . . . . . Robot Hit Streak 7 | 1 6 . . 4 7 2 6 Robot Miss Streak 6 | 1 6 . . 1 3 1 5 Penetration Max . | . . . . . . . . Secondary Targets 1 | . 1 . . . . . . Max Gunslinging Chain 1 | . 1 . . . . . . Shots Hit Robots 70 | 1 15 . . 4 24 5 21 Core Hits 40 | 2 8 . . 4 13 3 10 Critical Kills . | . . . . . . . . Critical Parts Destroyed . | . . . . . . . . Critical Strikes 2 | . . . . . . . 2 Burn 1 | . . . . . . . 1 Blast 1 | . . . . . . . 1 Melee Attacks . | . . . . . . . . Impact . | . . . . . . . . Slashing . | . . . . . . . . Piercing . | . . . . . . . . Sneak Attacks . | . . . . . . . . Combat Hostiles . | . . . . . . . . Follow-up Attacks . | . . . . . . . . Damage Inflicted 1669 | 13 193 . . 63 491 240 669 Guns 768 | 12 184 . . 39 169 . 364 Cannons 447 | . . . . . 317 . 130 Explosions 392 | . . . . . . 238 154 Melee . | . . . . . . . . Ramming 38 | 1 9 . . . 5 2 21 Kinetic 366 | 12 119 . . 39 66 . 130 Thermal 873 | . 65 . . 24 420 . 364 Explosive 392 | . . . . . . 238 154 Electromagnetic . | . . . . . . . . Impact . | . . . . . . . . Slashing . | . . . . . . . . Piercing . | . . . . . . . . Highest Corruption 2 | . . . . . . . 2 Average Corruption 1 | . . . . . . . 1 Corruption Purged . | . . . . . . . . Corruption Blocked . | . . . . . . . . Effects 10 | . . . . . . . 10 Message Errors 2 | . . . . . . . 2 Matter Fused 2 | . . . . . . . 2 Energy Discharges 1 | . . . . . . . 1 Data Loss (minor) 4 | . . . . . . . 4 Weapon Failures 1 | . . . . . . . 1 Overload Shots . | . . . . . . . . Overflow Damage . | . . . . . . . . Projectiles . | . . . . . . . . Explosions . | . . . . . . . . Melee . | . . . . . . . . Knockbacks . | . . . . . . . . Impact . | . . . . . . . . Kinetic . | . . . . . . . . Secondary . | . . . . . . . . Self-Inflicted Damage 96 | . . . . . . 72 24 Shots 2 | . . . . . . 1 1 Rammed 7 | . . . . . 1 . 6 Targets Rammed 12 | 1 1 . . . 1 1 8 Kicked 5 | 1 1 . . . . 1 2 Crushed . | . . . . . . . . Highest Temperature 414 | . 30 82 . 20 414 . 15 Average Temperature 82 | . 18 32 . 11 147 . 7 Received Heat Transfer 852 | . 30 . . . 342 27 453 Effects 5 | . . . . . 5 . . Shutdowns 1 | . . . . . 1 . . Energy Bleed 1 | . . . . . 1 . . Interference 2 | . . . . . 2 . . Matter Decay 1 | . . . . . 1 . . Siege Activations . | . . . . . . . . Martial Activations . | . . . . . . . . Shielding Activations . | . . . . . . . . Robots Disrupted . | . . . . . . . . Combat Hostiles . | . . . . . . . . Robots Corrupted . | . . . . . . . . Combat Hostiles . | . . . . . . . . Parts Fried . | . . . . . . . . Impact Corruptions . | . . . . . . . . Robots Melted . | . . . . . . . . Combat Hostiles . | . . . . . . . . Parts Melted 3 | . . . . . 2 . 1 Heat Transferred 1790 | . 150 . . 50 740 . 850 Parts Sabotaged . | . . . . . . . . Parts Stolen . | . . . . . . . . Parts Stripped . | . . . . . . . . Power Chain Reactions . | . . . . . . . . Alert | -11 -10 -10 -10 -9 -8 -7 -6 ------- Run | Yrd Mat Min Exi Min Mat Fac Fac Maximum Alert Level 1 | . . . . . . . 1 Low Security (%) 99 | 100 100 100 . 100 100 100 98 Level 1 . | . . . . . . . 1 Level 2 . | . . . . . . . . Level 3 . | . . . . . . . . Level 4 . | . . . . . . . . Level 5 . | . . . . . . . . High Security . | . . . . . . . . Max Security . | . . . . . . . . Peak Influence 252 | 5 116 33 . 90 60 113 252 Initial 33 | . . 33 . . 27 . 2 Average 23 | . 71 7 . 71 8 31 25 Influence Increases 995 | 5 186 . . 90 141 113 460 Destroy 0b10 Robot/C 400 | . 120 . . 80 80 60 60 Destroy 0b10 Robot/NC 30 | 5 . . . . 15 . 10 Destroy Leader 92 | . 20 . . 10 22 10 30 Trap Triggered on 0b10 10 | . . . . . 10 . . Successful Hack 10 | . . . . . 10 . . Disable Machine 45 | . . . . . . 30 15 Destroy Structure 33 | . 1 . . . 4 13 15 Lose Combat Pursuer 375 | . 45 . . . . . 330 Influence Decreases 743 | 5 100 86 . 20 211 108 213 Entered New Map 99 | . . 53 . . 43 . 3 Time Decay 634 | 5 90 33 . 20 168 108 210 Lost Part 10 | . 10 . . . . . . Squads Dispatched 9 | . 1 . . . 1 . 7 Investigation 2 | . . . . . 1 . 1 Extermination 3 | . . . . . . . 3 Reinforcement 4 | . 1 . . . . . 3 Assault . | . . . . . . . . Garrison . | . . . . . . . . Intercept . | . . . . . . . . Searches Triggered . | . . . . . . . . Construction Impeded 1 | . . . . . . . 1 Haulers Reinforced . | . . . . . . . . Active Scanning Responses . | . . . . . . . . Cargo Convoy Interrupts . | . . . . . . . . Stealth | -11 -10 -10 -10 -9 -8 -7 -6 --------- Run | Yrd Mat Min Exi Min Mat Fac Fac Distress Signals 4 | . 3 . . . . . 1 Communications Jammed . | . . . . . . . . Distress Signals . | . . . . . . . . Times Spotted 65 | . 15 . . 3 6 4 37 Peak Tracking Total 12 | . 5 . . 3 2 3 12 Tactical Retreats 10 | . 2 . . . . . 8 ECM-based Alert Blocks 2 | . . . . . . . 2 Traps | -11 -10 -10 -10 -9 -8 -7 -6 ------- Run | Yrd Mat Min Exi Min Mat Fac Fac Traps Triggered 4 | . 2 . . . 1 . 1 Indirectly . | . . . . . . . . Trap Hack Attempts . | . . . . . . . . Triggered . | . . . . . . . . Disarmed . | . . . . . . . . Reprogrammed 6 | . . . . . 6 . . Reused 1 | . . . . . 1 . . Traps Extracted . | . . . . . . . . Installed . | . . . . . . . . Triggered 1 | . . . . . 1 . . Machines | -11 -10 -10 -10 -9 -8 -7 -6 ---------- Run | Yrd Mat Min Exi Min Mat Fac Fac Machines Disabled 3 | . . . . . . 2 1 Max in Single Turn 2 | . . . . . . 2 1 Machines Repaired . | . . . . . . . . Machines Dismantled . | . . . . . . . . Machines Sabotaged . | . . . . . . . . Overloaded Fab Kills . | . . . . . . . . Hacking | -11 -10 -10 -10 -9 -8 -7 -6 --------- Run | Yrd Mat Min Exi Min Mat Fac Fac Machines Accessed 8 | . 2 . 1 . 4 . 1 Terminals 6 | . 2 . . . 3 . 1 Fabricators . | . . . . . . . . Repair Stations . | . . . . . . . . Recycling Units . | . . . . . . . . Scanalyzers 1 | . . . . . 1 . . Garrison Access . | . . . . . . . . Total Hacks 22 | . 6 . 1 . 13 . 2 Successful 13 | . 3 . 1 . 8 . 1 Failed 9 | . 3 . . . 5 . 1 Catastrophic . | . . . . . . . . Database Lockouts . | . . . . . . . . Manual 1 | . . . 1 . . . . Terminals 20 | . 6 . . . 12 . 2 Fabricators . | . . . . . . . . Repair Stations . | . . . . . . . . Recycling Units . | . . . . . . . . Scanalyzers 1 | . . . . . 1 . . Garrison Access . | . . . . . . . . Terminal Hacks 13 | . 3 . 1 . 8 . 1 Record 3 | . 1 . . . 1 . 1 Prototype ID Bank 1 | . . . . . 1 . . Branch Access Points 1 | . 1 . . . . . . Locate Traps 2 | . . . . . 2 . . Reprogram Traps 1 | . . . . . 1 . . Reinforcement Status 1 | . . . . . 1 . . Hauler Manifests 1 | . . . . . 1 . . Zone Layout 2 | . 1 . . . 1 . . Proto ID Catalog 1 | . . . 1 . . . . Fabricator Hacks . | . . . . . . . . Repair Station Hacks . | . . . . . . . . Recycling Unit Hacks . | . . . . . . . . Scanalyzer . | . . . . . . . . Garrison Access Hacks . | . . . . . . . . Unauthorized Hacks . | . . . . . . . . Terminals . | . . . . . . . . Fabricators . | . . . . . . . . Repair Stations . | . . . . . . . . Recycling Units . | . . . . . . . . Scanalyzers . | . . . . . . . . Garrison Access . | . . . . . . . . Data Cores Recovered . | . . . . . . . . Used . | . . . . . . . . Hacking Detections 6 | . 2 . . . 3 . 1 Full Trace Events . | . . . . . . . . Feedback Events . | . . . . . . . . Feedback Blocked . | . . . . . . . . Robot Schematics Acquired . | . . . . . . . . Robots Built . | . . . . . . . . Authchips . | . . . . . . . . Time . | . . . . . . . . Total Robot Build Rating . | . . . . . . . . Part Schematics Acquired . | . . . . . . . . Parts Built . | . . . . . . . . Authchips . | . . . . . . . . Time . | . . . . . . . . Total Part Build Rating . | . . . . . . . . Part Studies Acquired . | . . . . . . . . Parts Repaired . | . . . . . . . . Time . | . . . . . . . . Parts Recycled . | . . . . . . . . Recycled Matter . | . . . . . . . . Retrieved Matter . | . . . . . . . . Retrieved Components . | . . . . . . . . Parts Scanalyzed . | . . . . . . . . Part Schematics Acquired . | . . . . . . . . Parts Damaged . | . . . . . . . . Bothacking | -11 -10 -10 -10 -9 -8 -7 -6 ------------ Run | Yrd Mat Min Exi Min Mat Fac Fac Used RIF Installer . | . . . . . . . . Robots Hacked 2 | . . . . . . 2 . Non-combat 1 | . . . . . . 1 . Combat 1 | . . . . . . 1 . Robot Hacks Applied 3 | . . . . . . 3 . parse_system 1 | . . . . . . 1 . no_distress 1 | . . . . . . 1 . check_alert 1 | . . . . . . 1 . Relay Couplers Released . | . . . . . . . . Fabnet Peak Effective % . | . . . . . . . . Robots Rewired . | . . . . . . . . Allies Hacked . | . . . . . . . . Hacks Repelled . | . . . . . . . . Allies | -11 -10 -10 -10 -9 -8 -7 -6 -------- Run | Yrd Mat Min Exi Min Mat Fac Fac Total Allies . | . . . . . . . . Largest Group . | . . . . . . . . Highest-Rated Group . | . . . . . . . . Highest-Rated Ally . | . . . . . . . . Total Orders . | . . . . . . . . Ally Attacks . | . . . . . . . . Total Damage . | . . . . . . . . Kills . | . . . . . . . . Allies Corrupted . | . . . . . . . . Allies Melted . | . . . . . . . . Intel | -11 -10 -10 -10 -9 -8 -7 -6 ------- Run | Yrd Mat Min Exi Min Mat Fac Fac Active Infowar (turns) 1556 | . . . 1 . 82 284 1189 Optics 1421 | . . . . . . 260 1161 Cloaking 252 | . . . 1 . 82 24 145 ECM 28 | . . . . . . . 28 Robot Analysis Total . | . . . . . . . . Derelict Logs Recovered 1 | . . 1 . . . . . Drone Launches . | . . . . . . . . Drone Recoveries . | . . . . . . . . Exploration | -11 -10 -10 -10 -9 -8 -7 -6 ------------- Run | Yrd Mat Min Exi Min Mat Fac Fac Turns Passed 3739 | 92 238 197 504 59 927 417 1305 Spaces Moved 2472 | 63 134 102 314 29 532 244 1054 Core 271 | 6 . . . . . 1 264 Treads 1068 | . . 100 314 29 532 93 . Legs 1127 | 57 134 2 . . . 150 784 Wheels . | . . . . . . . . Hover 6 | . . . . . . . 6 Flight . | . . . . . . . . Fastest Speed 50 | 50 120 160 160 160 148 120 50 Average Speed 128 | 113 130 160 160 160 152 134 102 Slowest Speed 700 | 120 190 190 160 160 160 700 190 Overloaded Moves . | . . . . . . . . Propulsion Burnouts . | . . . . . . . . Robots Hopped . | . . . . . . . . Potential Cave-ins . | . . . . . . . . Cave-ins Triggered . | . . . . . . . . Exploration Rate (%) 23 | 3 26 29 63 7 27 8 24 Regions Visited 7 Branch Regions 3 Pre-discovered Areas 1 | . . 1 . . . . . Known Exits Taken 2 | . 1 1 . . . . . Unknown Exits Taken 5 | 1 . . 1 1 1 1 . Scrap Searched 1 | . . . . 1 . . . Spaces Dug 1 | . . 1 . . . . . Terrain Destroyed 41 | . . 3 . . 4 15 19 Melee . | . . . . . . . . Projectile 8 | . . 3 . . 4 . 1 AOE 33 | . . . . . . 15 18 Terrain Rammed . | . . . . . . . . Walls Destroyed . | . . . . . . . . Machines Disabled . | . . . . . . . . Actions | -11 -10 -10 -10 -9 -8 -7 -6 --------- Run | Yrd Mat Min Exi Min Mat Fac Fac Total 2867 | 79 162 112 316 35 606 326 1231 Wait 160 | . . . . . 23 44 93 Move 2465 | 62 133 101 313 28 531 243 1054 Hop . | . . . . . . . . Pick Up 32 | 8 1 . 1 1 6 8 7 Fast Attach 29 | 5 2 . . 1 9 5 7 Attach 14 | . 2 2 1 . 2 2 5 Detach 4 | . . 1 1 1 1 . . Swap 10 | . 2 . . . 3 4 1 Drop 37 | 1 2 . . . 10 11 13 Fire 104 | 2 19 8 . 4 20 8 43 Melee . | . . . . . . . . Ram 6 | . . . . . . . 6 Kick 5 | 1 1 . . . . 1 2 Crush 1 | . . . . . 1 . . Escape Stasis . | . . . . . . . . Rewire . | . . . . . . . . Trap . | . . . . . . . . Miscellaneous . | . . . . . . . . Route ------- -11/Scrapyard -10/Materials (discovered 2 exits: *Min x2) -10/Mines -10/Exiles -9/Mines -8/Materials -7/Factory -6/Factory History --------- Turn | Location | Event 6 | -11/Scrapyard | Discovered new exit (range 15) 93 | -11/Scrapyard | Entered Materials 201 | -10/Materials | Identified exit to Mines 310 | -10/Materials | Build established: Mutant 331 | -10/Materials | Entered Mines 477 | -10/Mines | Learned location of Zion (-7) 493 | -10/Mines | Deemed a non-threat by the Exiles lab entrance 495 | -10/Mines | Discovered new exit (range 5) 527 | -10/Mines | Identified exit to Exiles 528 | -10/Mines | Entered Exiles 581 | -10/Exiles | Met 8R-AWN 618 | -10/Exiles | Met EX-HEX 692 | -10/Exiles | Met EX-DEC 724 | -10/Exiles | Met EX-BIN 759 | -10/Exiles | Aligned with FarCom system 760 | -10/Exiles | Given EX-Vault access code 808 | -10/Exiles | Opened EX-Vault 826 | -10/Exiles | Found Cloak of Protection 861 | -10/Exiles | Warned to stay clear of 0b10 Research branches 876 | -10/Exiles | Exiles lab attacked by MAIN.C 1006 | -10/Exiles | Discovered new exit (range 12) 1032 | -10/Exiles | Left Exiles lab with Cloak of Protection 1032 | -10/Exiles | Entered Mines 1063 | -9/Mines | Discovered new exit (range 9) 1091 | -9/Mines | Entered Materials 1091 | -8/Materials | Evolved 4 slots: Propulsion x2, Utility x2 1915 | -8/Materials | Discovered new exit (range 6) 2018 | -8/Materials | Entered Factory 2018 | -7/Factory | Evolved 2 slots: Utility x1, Weapon x1 2429 | -7/Factory | Discovered new exit (range 5) 2435 | -7/Factory | Entered another Factory area 2435 | -6/Factory | Evolved 2 slots: Power x1, Utility x1 2479 | -6/Factory | Build established: Skirmisher 3553 | -6/Factory | Lost 4 parts (2p2n) 3596 | -6/Factory | Released all parts (11) 3661 | -6/Factory | Core integrity fell below 50% 3716 | -6/Factory | Core integrity fell below 20% 3739 | -6/Factory | Spotted B-75 Beast 3740 | -6/Factory | Destroyed by B-75 Beast with Magnetic Acceleration Cannon Last Messages --------------- Knocked back. Slug penetrates Terminal. Terminal disabled. Knocked back. Slammed into W-25 Informer. Acquired 19 matter. ALERT: Potential suspicious activity detected, Programmers report to Factory Zone 4X. Acquired ECM Suite. Power Conduit explodes. Dropped ECM Suite. K-01 Serf cleans the Fabricator. Fusion Modulator explodes. S-27 Virus destroyed. G-50 Soldier destroyed. K-01 Serf destroyed. Fabricator disabled. K-01 Serf destroyed. Acquired Prototype Hover Unit. Identified Cld. Aerolev Unit. Map ----- +----------------------------------------------------+ | ?????????????????????# """"""""" * # | | ?????????????????????# # ^ | | ?????????????????????# """"""""" # ^ | | ?????????????????????# [ + """^ | | ?????????????????????# """"""""" # """"" | | ?????????????????????# # """"" | | ?????????????????????# """"""""" # | | ?????????????????????# # | | ?????????????????????#/###########+#### | | ????????????????????## ## ?# | | ????????????????????# # ! """ ! ?# """ """ | | ????????????????????# + """ ! ?# """ """ | | ????????????????????# =# """ ?# """ """ | | ????????????????????# #?? "T"??# | | ?????????????#+###### ####+########## """ """ | | ???? t """ """ | | ???? """ """ | | ???? g g % | | ????? "" | | ?????"""" """"""" "" ##+# | | ????????" """"""" T" ######;#############+#####? | | ????????????""""" "" ???# #??# #?? | | ??????????????""" "" ???# "" #??# #?? | | ????????????? ???# """ #??# #?? | | ??????????????""" #### S" #??# !!! #?? | | ??????????????""" @ % """ #??# !! #?? | | ??????????????""" # """ #??# !! #?? | | ??????????????""" # #??# #?? | | ????????????? ?# #??# #?? | | ??????????? ?# #??###########?? | | ????????????BB;#######+??##########??????????????? | | ????????????B????????????????????????????????????? | | ?????????????????????????????????????????????????? | | ?????????????????????????????????????????????????? | | ?????????????????????????????????????????????????? | | ?????????????????????????????????????????????????? | | ?????????????????????????????????????????????????? | | ?????????????????????????????????????????????????? | | ?????????????????????????????????????????????????? | | ?????????????????????????????????????????????????? | | ?????????????????????????????????????????????????? | | ?????????????????????????????????????????????????? | | ?????????????????????????????????????????????????? | | | | | | | | | | | | | | | +----------------------------------------------------+ Best States ------------- Heat Dissipation 51 Energy Generation 23 Energy Capacity 580 Matter Stores 300 Matter Capacity 300 Sight Range 20 Terrain Scan Density 210 ECM Strength 1 Cloak Strength 5 Evasion (%) 55 Recoil Reduction 4 Item Schematics ----------------- None Robot Schematics ------------------ None Fabricated ------------ Nothing Repaired ---------- Nothing Studied --------- None Alien Tech Used ----------------- None Achievements -------------- Shopping List Challenges ------------ None Game ------ Seed ThunderGravitonRail Manual? 0 Play Time 00:44:52 Cumulative 6.8 hours Start 2026.09.24 @ 22:57:02 End 2026.09.24 @ 23:39:43 Sessions 1 Manual Loads 0 Difficulty Rogue Special Mode None Game No. 10 Rogue 10 Adventurer 0 Explorer 0 Win Type - Total 0 Types 0/0/0/0/0/0/0/0/0/0 Lore% 7 Gallery% 10 Achievement% 11 Wizard Run 0 Options --------- Layout 1 ASCII 0 Keyboard 0 Movement Arrows Keybinds 0 Fullscreen 1 Font 24/Smallcaps Map View 50x35 Zoom Use 0% Tactical HUD 0 Map Filters NONE Filters NONE Steam 1 RUN: 03a51c27-d5f9-4162-996f-ab48c2aed318